[Event "FIDE WYCC Open U14 2023"]
[Site "Montesilvano"]
[Date "2023.11.14"]
[Round "2.5"]
[White "Sowinski, Pawel"]
[Black "Kazantzoglou, Stefanos"]
[Result "1/2-1/2"]
[ECO "C78"]
[WhiteElo "2347"]
[BlackElo "2031"]
[Annotator "ChessBase"]
[PlyCount "78"]
[EventDate "2023.11.13"]
[EventType "swiss"]
[EventCountry "ITA"]
[SourceTitle "playchess.com"]
[Source "ChessBase"]
[SourceQuality "1"]
[TimeControl "40/5400+30:1800+30"]

1. e4 e5 2. Nf3 Nc6 3. Bb5 a6 4. Ba4 Nf6 5. O-O b5 6. Bb3 Bc5 7. a4 Rb8 8. c3 d6 9. d4 Bb6 10. axb5 axb5 11. Qd3 O-O 12. Na3 Bg4 13. d5 Ne7 14. h3 Bd7 15. Bg5 Ng6 16. Nh4 h6 17. Bxf6 Qxf6 18. Nf5 Nf4 19. Qf3 Bxf5 20. exf5 Qxf5 21. Bc2 Qh5 22. Qxh5 Nxh5 23. Nxb5 Bxf2+ 24. Rxf2 Rxb5 25. b4 Nf6 26. Bb3 Ne4 27. Rc2 Rbb8 28. Ra7 Rfc8 29. Bc4 Ra8 30. Ra5 Rxa5 31. bxa5 Nc5 32. Ra2 Ra8 33. a6 Ra7 34. g4 Kf8 35. Kg2 Ke7 36. Kf3 Kd8 37. h4 f6 38. Ke3 Kc8 39. Bb5 Kd8 1/2-1/2

[Event "FIDE WYCC Open U14 2023"]
[Site "Montesilvano"]
[Date "2023.11.14"]
[Round "2.6"]
[White "La Barbera, Manfredi"]
[Black "Daakshin Arun"]
[Result "0-1"]
[ECO "B93"]
[WhiteElo "2043"]
[BlackElo "2342"]
[Annotator "ChessBase"]
[PlyCount "64"]
[EventDate "2023.11.13"]
[EventType "swiss"]
[EventCountry "ITA"]
[SourceTitle "playchess.com"]
[Source "ChessBase"]
[SourceQuality "1"]
[TimeControl "40/5400+30:1800+30"]

1. e4 c5 2. Nf3 d6 3. d4 cxd4 4. Nxd4 Nf6 5. Nc3 a6 6. f4 e5 7. Nb3 Be7 8. fxe5 dxe5 9. Qxd8+ Bxd8 10. Be3 Nbd7 11. Be2 b5 12. a4 b4 13. Nd5 Rb8 14. Bf3 a5 15. O-O-O Bb7 16. Nxf6+ Nxf6 17. Bc5 Nxe4 18. Rhe1 f5 19. g4 Bh4 20. Re2 Bg5+ 21. Kb1 Bf6 22. Ba7 Ra8 23. g5 Nxg5 24. Bxb7 Rxa7 25. Nc5 O-O 26. Rd7 Kh8 27. h4 Nh3 28. Red2 Nf4 29. h5 h6 30. Rh2 Rd8 31. Rf7 e4 32. Rf2 e3 0-1

[Event "FIDE WYCC Open U14 2023"]
[Site "Montesilvano"]
[Date "2023.11.14"]
[Round "2.7"]
[White "Demirtas, Alper"]
[Black "Dotzer, Lukas"]
[Result "1/2-1/2"]
[ECO "E04"]
[WhiteElo "2034"]
[BlackElo "2339"]
[Annotator "ChessBase"]
[PlyCount "61"]
[EventDate "2023.11.13"]
[EventType "swiss"]
[EventCountry "ITA"]
[SourceTitle "playchess.com"]
[Source "ChessBase"]
[SourceQuality "1"]
[TimeControl "40/5400+30:1800+30"]

1. Nf3 Nf6 2. c4 e6 3. g3 d5 4. d4 dxc4 5. Bg2 Bb4+ 6. Bd2 a5 7. O-O O-O 8. Bg5 Nbd7 9. Qc2 h6 10. Bxf6 Qxf6 11. Qxc4 c6 12. a3 Be7 13. Nc3 e5 14. d5 Nb6 15. Qb3 Nxd5 16. Nxd5 cxd5 17. Qxd5 Qb6 18. Rab1 Be6 19. Qxe5 Bf6 20. Qe3 Qxe3 21. fxe3 Bf5 22. Rbd1 Rfe8 23. Nd4 Be4 24. Bxe4 Rxe4 25. Rf3 Rae8 26. Kf2 a4 27. Rd3 R4e5 28. b3 axb3 29. Rxb3 Rxe3 30. Rfxe3 Bxd4 31. Kf3 1/2-1/2

[Event "FIDE WYCC Open U14 2023"]
[Site "Montesilvano"]
[Date "2023.11.14"]
[Round "2.8"]
[White "Goh, Zi Han"]
[Black "Sommer, Justus"]
[Result "1-0"]
[ECO "E06"]
[WhiteElo "2333"]
[BlackElo "2013"]
[Annotator "ChessBase"]
[PlyCount "73"]
[EventDate "2023.11.13"]
[EventType "swiss"]
[EventCountry "ITA"]
[SourceTitle "playchess.com"]
[Source "ChessBase"]
[SourceQuality "1"]
[TimeControl "40/5400+30:1800+30"]

1. d4 d5 2. c4 e6 3. Nf3 Nf6 4. g3 Be7 5. Bg2 O-O 6. O-O dxc4 7. Qc2 a6 8. a4 Bd7 9. Rd1 Bc6 10. Bg5 Nbd7 11. Nbd2 h6 12. Bxf6 Nxf6 13. Nxc4 Be4 14. Qc3 Nd5 15. Qb3 Nb4 16. Ne3 Bd6 17. Rac1 Qe7 18. Nd2 Bxg2 19. Kxg2 Rfd8 20. Ne4 Rab8 21. Nc4 Nd5 22. Qf3 Nf6 23. Nc3 Bb4 24. e4 Bxc3 25. Rxc3 Qb4 26. a5 Qe7 27. Rb3 c5 28. d5 Ne8 29. e5 exd5 30. Rxd5 Qe6 31. Rxb7 Rxb7 32. Rxd8 Rd7 33. Rb8 Kh7 34. b3 Nc7 35. Rb6 Qe7 36. Rd6 Ne6 37. Qd3+ 1-0

[Event "FIDE WYCC Open U14 2023"]
[Site "Montesilvano"]
[Date "2023.11.14"]
[Round "2.9"]
[White "Pleschke, Julius Jonas"]
[Black "Perossa, Nicolas"]
[Result "0-1"]
[ECO "A05"]
[WhiteElo "2024"]
[BlackElo "2330"]
[Annotator "ChessBase"]
[PlyCount "141"]
[EventDate "2023.11.13"]
[EventType "swiss"]
[EventCountry "ITA"]
[SourceTitle "playchess.com"]
[Source "ChessBase"]
[SourceQuality "1"]
[TimeControl "40/5400+30:1800+30"]

1. Nf3 Nf6 2. g3 g6 3. Bg2 Bg7 4. O-O O-O 5. d4 d6 6. c4 Nbd7 7. Nc3 Re8 8. e4 e5 9. h3 exd4 10. Nxd4 Nc5 11. Re1 a5 12. Kh2 Nfd7 13. f4 Nb6 14. Bf1 f5 15. Nb3 Bxc3 16. bxc3 Nxe4 17. Qc2 Bd7 18. Be3 c5 19. Nd2 Bc6 20. Rab1 Nd7 21. Nxe4 Bxe4 22. Bd3 Qc7 23. Bf2 Nf6 24. g4 Qc6 25. gxf5 gxf5 26. Bh4 Bxd3 27. Qxd3 Ne4 28. Rg1+ Kf8 29. Bg5 Re6 30. Qd5 Qxd5 31. cxd5 Rg6 32. Rxb7 Kg8 33. h4 Rg7 34. Rb6 Re8 35. h5 Nd2 36. Rg2 Nf1+ 37. Kh1 Ne3 38. Re2 Rd7 39. Ra6 Kf7 40. Rxa5 Nxd5 41. Rxe8 Kxe8 42. Ra3 Rb7 43. h6 Kd7 44. Kg1 Kc6 45. Kf1 Ne3+ 46. Kf2 Nd5 47. Kf1 Nc7 48. Bf6 Kd5 49. Ke2 Ke4 50. Ra4+ Kd5 51. Kd3 Ke6 52. Bg5 Rb2 53. Ra7 Kd7 54. Bf6 Rh2 55. Bg5 Kc8 56. Ra4 Kb7 57. Ra3 Rh3+ 58. Kc2 Kc6 59. Rb3 Nd5 60. Rb8 Rh2+ 61. Kb3 c4+ 62. Kxc4 Ne3+ 63. Kd3 Ng4 64. Rf8 Nf2+ 65. Kd4 Ng4 66. Rxf5 d5 67. Kd3 Rh3+ 68. Kd2 Rh2+ 69. Ke1 Kc5 70. Rf7 Kc4 71. Rxh7 0-1

[Event "FIDE WYCC Open U14 2023"]
[Site "Montesilvano"]
[Date "2023.11.14"]
[Round "2.10"]
[White "Coicev, Matei-Andrei"]
[Black "Lissillour, Baptiste"]
[Result "1/2-1/2"]
[ECO "B54"]
[WhiteElo "2006"]
[BlackElo "2298"]
[Annotator "ChessBase"]
[PlyCount "106"]
[EventDate "2023.11.13"]
[EventType "swiss"]
[EventCountry "ITA"]
[SourceTitle "playchess.com"]
[Source "ChessBase"]
[SourceQuality "1"]
[TimeControl "40/5400+30:1800+30"]

1. e4 c5 2. Nf3 d6 3. d4 cxd4 4. Nxd4 Nf6 5. f3 Nc6 6. c4 e6 7. Nc3 Be7 8. Be3 O-O 9. Be2 d5 10. exd5 exd5 11. Nxc6 bxc6 12. O-O Re8 13. cxd5 Nxd5 14. Nxd5 cxd5 15. Bb5 Bd7 16. Bxd7 Qxd7 17. Bd4 Rac8 18. Rc1 Rxc1 19. Qxc1 Qa4 20. Qc3 Bb4 21. Qd3 Rc8 22. Qf5 Qc6 23. Qg4 Bf8 24. Re1 a5 25. Qf5 Qc4 26. Bf2 a4 27. b3 Qc2 28. Qxc2 Rxc2 29. bxa4 Rxa2 30. h4 Rxa4 31. Re8 Ra5 32. Bb6 Ra1+ 33. Kh2 Rc1 34. Rd8 Rc6 35. Bd4 f6 36. Rxd5 Kf7 37. Bf2 Ke6 38. Rb5 Be7 39. Rb6 Bd6+ 40. Kh3 Rxb6 41. Bxb6 Kf5 42. Be3 h5 43. Bf2 Be5 44. Be3 Bc3 45. Bc5 Kf4 46. Bd6+ Be5 47. Ba3 Bd4 48. Bf8 g5 49. hxg5 fxg5 50. Bd6+ Be5 51. g3+ Kf5 52. g4+ hxg4+ 53. fxg4+ Ke6 1/2-1/2

[Event "FIDE WYCC Open U14 2023"]
[Site "Montesilvano"]
[Date "2023.11.14"]
[Round "2.11"]
[White "Davudov, Tunar"]
[Black "Tenuunbold, Battulga"]
[Result "1-0"]
[ECO "B34"]
[WhiteElo "2000"]
[BlackElo "2290"]
[Annotator "ChessBase"]
[PlyCount "81"]
[EventDate "2023.11.13"]
[EventType "swiss"]
[EventCountry "ITA"]
[SourceTitle "playchess.com"]
[Source "ChessBase"]
[SourceQuality "1"]
[TimeControl "40/5400+30:1800+30"]

1. e4 c5 2. Nf3 Nc6 3. Nc3 Nf6 4. d4 cxd4 5. Nxd4 e5 6. Ndb5 d6 7. Nd5 Nxd5 8. exd5 Nb8 9. c4 a6 10. Nc3 Be7 11. Bd3 O-O 12. O-O f5 13. f3 Nd7 14. Be3 Qe8 15. b4 b6 16. Qb3 Kh8 17. a4 Rb8 18. Qc2 Qh5 19. a5 bxa5 20. bxa5 Bg5 21. Bf2 Nc5 22. Rab1 Bd7 23. Rxb8 Rxb8 24. Rb1 Rc8 25. Rb6 Be7 26. Bxc5 Rxc5 27. Rb7 e4 28. Rxd7 exd3 29. Qxd3 Bf6 30. Rxd6 Rxa5 31. Rb6 Ra1+ 32. Nd1 h6 33. d6 Qe8 34. Kf1 Bc3 35. Qxc3 Rxd1+ 36. Kf2 Qd7 37. c5 Kh7 38. Qc2 Rd5 39. Qb2 Rxc5 40. Rb7 Rb5 41. Qxb5 1-0

[Event "FIDE WYCC Open U14 2023"]
[Site "Montesilvano"]
[Date "2023.11.14"]
[Round "2.12"]
[White "Cieslak, Patryk"]
[Black "Georgiadis, Anastasios"]
[Result "1/2-1/2"]
[ECO "C11"]
[WhiteElo "2284"]
[BlackElo "2001"]
[Annotator "ChessBase"]
[PlyCount "83"]
[EventDate "2023.11.13"]
[EventType "swiss"]
[EventCountry "ITA"]
[SourceTitle "playchess.com"]
[Source "ChessBase"]
[SourceQuality "1"]
[TimeControl "40/5400+30:1800+30"]

1. e4 e6 2. d4 d5 3. Nc3 Nf6 4. e5 Nfd7 5. f4 c5 6. Nf3 Nc6 7. Be3 cxd4 8. Nxd4 Bc5 9. Qd2 O-O 10. O-O-O Bxd4 11. Bxd4 Qa5 12. Qe3 Rb8 13. Bd3 b5 14. f5 f6 15. exf6 Nxf6 16. fxe6 Nxd4 17. e7 Re8 18. Qxd4 Be6 19. Rhe1 Bf7 20. Kb1 b4 21. Ne2 Rxe7 22. Nc1 Rxe1 23. Rxe1 b3 24. Re7 bxc2+ 25. Bxc2 Qb6 26. Nb3 Re8 27. Qxb6 axb6 28. Rb7 Re1+ 29. Nc1 Re6 30. a4 g5 31. b4 Ne4 32. Kb2 Nd6 33. Rb8+ Kg7 34. Bb3 Nc4+ 35. Bxc4 dxc4 36. Rc8 Rf6 37. Kc3 Rf1 38. Kd2 Rf2+ 39. Kc3 Rxg2 40. a5 bxa5 41. bxa5 Rxh2 42. a6 1/2-1/2

[Event "FIDE WYCC Open U14 2023"]
[Site "Montesilvano"]
[Date "2023.11.14"]
[Round "2.13"]
[White "Pehar, Borna"]
[Black "Matyassy, Lazar"]
[Result "1/2-1/2"]
[ECO "B62"]
[WhiteElo "1985"]
[BlackElo "2281"]
[Annotator "ChessBase"]
[PlyCount "88"]
[EventDate "2023.11.13"]
[EventType "swiss"]
[EventCountry "ITA"]
[SourceTitle "playchess.com"]
[Source "ChessBase"]
[SourceQuality "1"]
[TimeControl "40/5400+30:1800+30"]

1. e4 c5 2. Nf3 d6 3. d4 cxd4 4. Nxd4 Nf6 5. Nc3 Nc6 6. Bg5 e6 7. Bb5 Bd7 8. Qd3 Qb6 9. O-O-O Be7 10. f4 O-O-O 11. Rhf1 Nxd4 12. Bxd7+ Rxd7 13. Qxd4 Qxd4 14. Rxd4 h6 15. Bh4 Nxe4 16. Bxe7 Nxc3 17. Rc4+ Kb8 18. Bxd6+ Rxd6 19. Rxc3 Rhd8 20. Rcf3 Rd4 21. c3 Re4 22. R1f2 Kc7 23. Rd2 Re1+ 24. Kc2 Rxd2+ 25. Kxd2 Rb1 26. Kc2 Rg1 27. Rf2 f5 28. Kd3 g5 29. g3 Kd6 30. Kd4 Re1 31. c4 gxf4 32. gxf4 Re4+ 33. Kd3 a5 34. b3 Kc5 35. a3 h5 36. Rf3 h4 37. Kc3 Kc6 38. b4 axb4+ 39. axb4 b5 40. c5 Rc4+ 41. Kb3 h3 42. Re3 Rxf4 43. Rxe6+ Kd7 44. Re3 Rh4 1/2-1/2

[Event "FIDE WYCC Open U14 2023"]
[Site "Montesilvano"]
[Date "2023.11.14"]
[Round "2.14"]
[White "Nainys, Zanas"]
[Black "Kozlovic, Jernej"]
[Result "0-1"]
[ECO "D70"]
[WhiteElo "1974"]
[BlackElo "2263"]
[Annotator "ChessBase"]
[PlyCount "98"]
[EventDate "2023.11.13"]
[EventType "swiss"]
[EventCountry "ITA"]
[SourceTitle "playchess.com"]
[Source "ChessBase"]
[SourceQuality "1"]
[TimeControl "40/5400+30:1800+30"]

1. d4 d5 2. c4 c6 3. Nf3 Nf6 4. Nbd2 Bf5 5. Nh4 Bg6 6. Qb3 Qc7 7. Nxg6 hxg6 8. g3 e6 9. Bg2 Nbd7 10. Nf3 Qb6 11. c5 Qa6 12. O-O b6 13. cxb6 axb6 14. Ne5 Nxe5 15. dxe5 Nd7 16. e4 Nc5 17. Qc2 Qd3 18. Qxd3 Nxd3 19. exd5 cxd5 20. Rd1 Nxe5 21. Re1 Nd3 22. Bxd5 O-O-O 23. Bxe6+ fxe6 24. Rxe6 Rd6 25. Re2 Nxc1 26. Rxc1+ Kd7 27. Rec2 Rh5 28. Rc7+ Ke6 29. R1c2 Rc5 30. Re2+ Re5 31. Rec2 Be7 32. Kg2 Bf6 33. R7c4 Re1 34. h4 Bd4 35. Rc8 Kd5 36. Rf8 Ree6 37. Rf3 Bc5 38. Rf7 Bd4 39. Rf3 Re1 40. Rb3 Rd1 41. Rb5+ Ke4 42. Rb3 Bc5 43. Re2+ Kd5 44. Rb5 Kc4 45. Rb3 R6d2 46. Rc3+ Kd4 47. Kf3 Rxb2 48. Rce3 Rxe2 49. Rxe2 Kd3 0-1

[Event "FIDE WYCC Open U14 2023"]
[Site "Montesilvano"]
[Date "2023.11.14"]
[Round "2.15"]
[White "Akhmedov, David"]
[Black "Schuricht, Emil Frederick"]
[Result "1-0"]
[ECO "A11"]
[WhiteElo "2240"]
[BlackElo "1998"]
[Annotator "ChessBase"]
[PlyCount "101"]
[EventDate "2023.11.13"]
[EventType "swiss"]
[EventCountry "ITA"]
[SourceTitle "playchess.com"]
[Source "ChessBase"]
[SourceQuality "1"]
[TimeControl "40/5400+30:1800+30"]

1. c4 c6 2. Nf3 d5 3. e3 Nf6 4. Nc3 e6 5. b3 Nbd7 6. Bb2 Bd6 7. Qc2 b6 8. cxd5 exd5 9. Nd4 Bb7 10. Be2 c5 11. Nf5 Bf8 12. Nb5 Qb8 13. O-O g6 14. Ng3 Bg7 15. d4 O-O 16. dxc5 bxc5 17. Rfd1 a6 18. Nc3 Qa7 19. Rac1 Rac8 20. Qb1 d4 21. exd4 cxd4 22. Na4 Nd5 23. Bf1 Bc6 24. Rc4 Bxa4 25. Rxa4 Nc3 26. Bxc3 dxc3 27. Rxa6 Qxa6 28. Bxa6 c2 29. Qc1 Bh6 30. Bxc8 Rxc8 31. Nf1 Bxc1 32. Rxc1 Ne5 33. Ne3 Rd8 34. Rxc2 f5 35. Kf1 f4 36. Nc4 f3 37. Ne3 Kf7 38. gxf3 Nxf3 39. Rc7+ Kf6 40. Rxh7 Rd2 41. Ra7 Kg5 42. Kg2 Ne1+ 43. Kg3 Nd3 44. f4+ Kf6 45. Rd7 g5 46. fxg5+ Kxg5 47. Rd6 Kh5 48. Ng4 Kg5 49. Rf6 Kh5 50. h4 Rxa2 51. Rh6# 1-0

[Event "FIDE WYCC Open U14 2023"]
[Site "Montesilvano"]
[Date "2023.11.14"]
[Round "2.16"]
[White "Poljan, Max"]
[Black "Ljepic, Andrej"]
[Result "0-1"]
[ECO "B34"]
[WhiteElo "1953"]
[BlackElo "2236"]
[Annotator "ChessBase"]
[PlyCount "94"]
[EventDate "2023.11.13"]
[EventType "swiss"]
[EventCountry "ITA"]
[SourceTitle "playchess.com"]
[Source "ChessBase"]
[SourceQuality "1"]
[TimeControl "40/5400+30:1800+30"]

1. e4 c5 2. Nf3 Nc6 3. d4 cxd4 4. Nxd4 g6 5. Nc3 Bg7 6. Be3 Nf6 7. Nxc6 dxc6 8. Qxd8+ Kxd8 9. O-O-O+ Nd7 10. Bc4 Ke8 11. h3 Nb6 12. Bb3 Be6 13. Bxe6 fxe6 14. Kb1 Nc4 15. Bc1 Bxc3 16. bxc3 e5 17. Rd3 Kf7 18. Rhd1 Ke6 19. Bg5 h6 20. Bh4 g5 21. Bg3 a5 22. h4 a4 23. f3 a3 24. Ka1 Nb2 25. Rb1 Nxd3 26. cxd3 Rad8 27. Rd1 Rhg8 28. h5 c5 29. Bf2 b6 30. Be3 Ra8 31. Kb1 Kd6 32. Kc2 Kc6 33. Rb1 b5 34. d4 cxd4 35. cxd4 exd4 36. Bxd4 Ra4 37. Bc3 Rc4 38. Rb4 Rc5 39. Kb3 e5 40. Be1 Rd8 41. Kxa3 Rd1 42. Bg3 Rd2 43. Rb2 Rc3+ 44. Rb3 Rcc2 45. Bxe5 Kc5 46. Rb1 Rd3+ 47. Rb3 b4+ 0-1

[Event "FIDE WYCC Open U14 2023"]
[Site "Montesilvano"]
[Date "2023.11.14"]
[Round "2.17"]
[White "Nurgaliyev, Sauat"]
[Black "Juhanak, Daniel"]
[Result "1-0"]
[ECO "B72"]
[WhiteElo "2235"]
[BlackElo "1984"]
[Annotator "ChessBase"]
[PlyCount "107"]
[EventDate "2023.11.13"]
[EventType "swiss"]
[EventCountry "ITA"]
[SourceTitle "playchess.com"]
[Source "ChessBase"]
[SourceQuality "1"]
[TimeControl "40/5400+30:1800+30"]

1. e4 c5 2. Nf3 d6 3. d4 cxd4 4. Nxd4 Nf6 5. Nc3 g6 6. Be3 Nc6 7. f3 h5 8. Bc4 Bg7 9. Bb3 Na5 10. O-O Bd7 11. Qd2 Rc8 12. Rad1 Nc4 13. Bxc4 Rxc4 14. Nb3 b6 15. Rfe1 O-O 16. e5 Ne8 17. Bg5 Be6 18. Nd5 Bxd5 19. exd6 Qxd6 20. Bxe7 Qc6 21. Bxf8 Bxf3 22. Bxg7 Bxd1 23. Bc3 Bg4 24. Qh6 Rxc3 25. Nd4 Qd7 26. bxc3 Ng7 27. Qe3 Be6 28. Qe5 Bxa2 29. Qe7 Qg4 30. Qxa7 Bd5 31. Qb8+ Kh7 32. Qg3 Qd7 33. h3 Ne6 34. Qe5 Qd8 35. Rd1 Qa8 36. Nf5 Be4 37. Ne3 Nc5 38. Nd5 Bxd5 39. Qxd5 Qe8 40. Rf1 Kg7 41. Qd4+ Kg8 42. Qf6 Ne6 43. Qf2 Nc5 44. Qd4 Qe7 45. Qf6 Qc7 46. Ra1 Qb7 47. Qd8+ Kh7 48. Ra8 Kh6 49. Qh8+ Kg5 50. Qe5+ f5 51. h4+ Kg4 52. Kh2 Ne4 53. Ra4 Kxh4 54. Qf4# 1-0

[Event "FIDE WYCC Open U14 2023"]
[Site "Montesilvano"]
[Date "2023.11.14"]
[Round "2.18"]
[White "Terlouw, Wouter"]
[Black "Brattgjerd, Isak Vinh"]
[Result "0-1"]
[ECO "D02"]
[WhiteElo "1932"]
[BlackElo "2235"]
[Annotator "ChessBase"]
[PlyCount "136"]
[EventDate "2023.11.13"]
[EventType "swiss"]
[EventCountry "ITA"]
[SourceTitle "playchess.com"]
[Source "ChessBase"]
[SourceQuality "1"]
[TimeControl "40/5400+30:1800+30"]

1. d4 d5 2. Nf3 Nf6 3. g3 h6 4. Bg2 Bf5 5. c4 e6 6. Nc3 Nc6 7. O-O Be7 8. Bf4 O-O 9. Ne5 Bb4 10. Nxc6 bxc6 11. Qa4 Bxc3 12. bxc3 Qd7 13. f3 Bg6 14. Rfe1 Rfb8 15. e4 Rb6 16. c5 Rb7 17. e5 Nh7 18. Bf1 a5 19. h4 Nf8 20. Rad1 h5 21. Rd2 Bf5 22. Ree2 Ng6 23. Bg5 Rba7 24. Rb2 Rf8 25. Rb3 f6 26. exf6 gxf6 27. Bh6 Re8 28. Reb2 Kh7 29. Bd2 e5 30. Rb7 Rxb7 31. Rxb7 Ra8 32. Qd1 Qg7 33. f4 Bg4 34. Be2 Bc8 35. Rb1 Nxh4 36. Bd3+ Kg8 37. Kf2 Nf5 38. Bxf5 Bxf5 39. Rb7 Bc8 40. Rb1 Bf5 41. Rb7 Bc8 42. Rb1 Bg4 43. Qe1 exd4 44. cxd4 Qg6 45. Rb3 Kf8 46. Qb1 Qf7 47. Rb8+ Rxb8 48. Qxb8+ Kg7 49. Qb3 a4 50. Qe3 Kf8 51. a3 Qh7 52. Be1 Qc2+ 53. Bd2 Kf7 54. Kg2 Bf5 55. Qe2 Bg4 56. Qe3 Qd1 57. Qe1 Qf3+ 58. Kh2 Qxa3 59. Qb1 Kg7 60. Qe1 Kf8 61. f5 Bxf5 62. Qf1 Qb2 63. Qxf5 Qxd2+ 64. Kh3 Qxd4 65. Qc8+ Kg7 66. Qxc7+ Kh6 67. Qxc6 a3 68. Qa6 Qa1 0-1

[Event "FIDE WYCC Open U14 2023"]
[Site "Montesilvano"]
[Date "2023.11.14"]
[Round "2.19"]
[White "Mamedov, Edgar"]
[Black "Bochniak, Franciszek"]
[Result "1-0"]
[ECO "A50"]
[WhiteElo "2234"]
[BlackElo "1954"]
[Annotator "ChessBase"]
[PlyCount "129"]
[EventDate "2023.11.13"]
[EventType "swiss"]
[EventCountry "ITA"]
[SourceTitle "playchess.com"]
[Source "ChessBase"]
[SourceQuality "1"]
[TimeControl "40/5400+30:1800+30"]

1. d4 Nf6 2. c4 b6 3. Nc3 Bb7 4. d5 e6 5. a3 Bd6 6. Nf3 O-O 7. e4 exd5 8. exd5 c6 9. Be2 h6 10. O-O Na6 11. Nd4 Be5 12. Bf3 Rc8 13. Be3 cxd5 14. cxd5 d6 15. Rc1 Nc5 16. b4 Bxd4 17. Bxd4 Ncd7 18. Qb3 a6 19. Rfe1 Re8 20. a4 Ne5 21. Be2 Ng6 22. Bf1 Nf4 23. Rxe8+ Nxe8 24. Be3 Ng6 25. b5 a5 26. Qd1 Nf6 27. Qd4 Nd7 28. Rd1 Ne7 29. Bd3 Rc5 30. Qe4 Nf6 31. Qd4 Nexd5 32. Nxd5 Nxd5 33. Bd2 Nf6 34. Rc1 Qc7 35. Rxc5 dxc5 36. Qf4 Qd8 37. Bc2 Bd5 38. f3 Be6 39. Be1 Nd5 40. Qe4 Qf6 41. Bg3 Qa1+ 42. Kf2 Qc1 43. Be5 g6 44. h4 h5 45. Kg3 Kh7 46. Bb3 f5 47. Qe2 f4+ 48. Kf2 Qh1 49. Bxd5 Qxh4+ 50. Kg1 Bxd5 51. Qd2 Qd8 52. Qxf4 Qe7 53. Bc7 Qe6 54. Bd8 Qd7 55. Bxb6 c4 56. Qe5 Be6 57. Bxa5 Kh6 58. Bc3 Bf5 59. a5 Qd1+ 60. Kh2 Qc2 61. Qf4+ Kh7 62. Qc7+ Kh6 63. Bg7+ Kg5 64. Qe7+ Kf4 65. Bh6+ 1-0

[Event "FIDE WYCC Open U14 2023"]
[Site "Montesilvano"]
[Date "2023.11.14"]
[Round "2.20"]
[White "Escudero Ribo, Eloi"]
[Black "Gkavardinas, Antonios"]
[Result "1-0"]
[ECO "D31"]
[WhiteElo "1929"]
[BlackElo "2230"]
[Annotator "ChessBase"]
[PlyCount "75"]
[EventDate "2023.11.13"]
[EventType "swiss"]
[EventCountry "ITA"]
[SourceTitle "playchess.com"]
[Source "ChessBase"]
[SourceQuality "1"]
[TimeControl "40/5400+30:1800+30"]

1. d4 d5 2. c4 e6 3. Nc3 Be7 4. cxd5 exd5 5. Bf4 c6 6. e3 Bf5 7. g4 Be6 8. h4 Nd7 9. g5 h6 10. g6 Ngf6 11. gxf7+ Bxf7 12. Nf3 O-O 13. Rg1 Kh8 14. Qc2 Nh5 15. Ne5 Nxf4 16. exf4 Nxe5 17. dxe5 Bxh4 18. O-O-O Bh5 19. Rd4 Qe7 20. f5 Bg5+ 21. f4 Bh4 22. Rh1 Bf3 23. Bg2 Qc5 24. Rd3 Bxg2 25. Qxg2 Qc4 26. Rf3 d4 27. Rxh4 Rxf5 28. Rfh3 dxc3 29. Rxh6+ Kg8 30. Rh8+ Kf7 31. Rxa8 cxb2+ 32. Kxb2 Qd4+ 33. Kc2 Rxf4 34. e6+ Kxe6 35. Qg6+ Ke7 36. Re8+ Kd7 37. Rd3 Rf2+ 38. Kd1 1-0

[Event "FIDE WYCC Open U14 2023"]
[Site "Montesilvano"]
[Date "2023.11.14"]
[Round "2.21"]
[White "Rustamov, Rustam"]
[Black "George Samir, David"]
[Result "1-0"]
[ECO "C80"]
[WhiteElo "2229"]
[BlackElo "1942"]
[Annotator "ChessBase"]
[PlyCount "58"]
[EventDate "2023.11.13"]
[EventType "swiss"]
[EventCountry "ITA"]
[SourceTitle "playchess.com"]
[Source "ChessBase"]
[SourceQuality "1"]
[TimeControl "40/5400+30:1800+30"]

1. e4 e5 2. Nf3 Nc6 3. Bb5 a6 4. Ba4 Nf6 5. O-O Nxe4 6. Re1 Nc5 7. Bxc6 dxc6 8. Nxe5 Be7 9. d4 Ne6 10. Be3 O-O 11. c4 f6 12. Nf3 f5 13. Nc3 f4 14. Bd2 Bf6 15. Ne2 Ng5 16. Nxg5 Bxg5 17. Qb3 f3 18. Bxg5 Qxg5 19. Ng3 fxg2 20. c5+ Kh8 21. Re5 Qd2 22. Qe3 Qxb2 23. Re1 Bg4 24. Re4 Bf3 25. Re7 Bd5 26. Nh5 Rf3 27. Re8+ Rf8 28. Re7 Rf3 29. Re8+ Rxe8 1-0

[Event "FIDE WYCC Open U14 2023"]
[Site "Montesilvano"]
[Date "2023.11.14"]
[Round "2.22"]
[White "Durovka, Marek"]
[Black "Haug, Havard"]
[Result "0-1"]
[ECO "A13"]
[WhiteElo "1924"]
[BlackElo "2223"]
[Annotator "ChessBase"]
[PlyCount "66"]
[EventDate "2023.11.13"]
[EventType "swiss"]
[EventCountry "ITA"]
[SourceTitle "playchess.com"]
[Source "ChessBase"]
[SourceQuality "1"]
[TimeControl "40/5400+30:1800+30"]

1. Nf3 d5 2. c4 e6 3. g3 Nf6 4. Bg2 Be7 5. d4 O-O 6. Qc2 c5 7. O-O cxd4 8. Nxd4 Qb6 9. Nb3 Nc6 10. N1d2 Rd8 11. a3 a5 12. Nf3 a4 13. Nbd2 h6 14. Rd1 Qc5 15. Nf1 b5 16. Be3 Qxc4 17. Qxc4 bxc4 18. N1d2 Rb8 19. Nd4 Na5 20. Bf4 Bd6 21. Bxd6 Rxd6 22. Nb1 Rxb2 23. Nc3 Bd7 24. Rab1 Rdb6 25. Rxb2 Rxb2 26. e4 e5 27. Nf3 d4 28. Nxd4 exd4 29. Rxd4 Rc2 30. Nd1 Rc1 31. e5 c3 32. Bf1 c2 33. Ne3 Rxf1+ 0-1

[Event "FIDE WYCC Open U14 2023"]
[Site "Montesilvano"]
[Date "2023.11.14"]
[Round "2.23"]
[White "Ermitsch, Magnus"]
[Black "Dumanuly, Sultanbeibarys"]
[Result "1-0"]
[ECO "B60"]
[WhiteElo "2206"]
[BlackElo "1931"]
[Annotator "ChessBase"]
[PlyCount "83"]
[EventDate "2023.11.13"]
[EventType "swiss"]
[EventCountry "ITA"]
[SourceTitle "playchess.com"]
[Source "ChessBase"]
[SourceQuality "1"]
[TimeControl "40/5400+30:1800+30"]

1. e4 c5 2. Nf3 d6 3. d4 cxd4 4. Nxd4 Nf6 5. Nc3 Nc6 6. Bg5 Bd7 7. Nxc6 Bxc6 8. Bxf6 gxf6 9. Bb5 Bxb5 10. Nxb5 Qa5+ 11. Nc3 Qg5 12. g3 e6 13. Qe2 a6 14. f4 Qc5 15. O-O-O b5 16. Qg2 Rc8 17. e5 fxe5 18. Ne4 Qe3+ 19. Kb1 Be7 20. Nxd6+ Bxd6 21. Rxd6 e4 22. Rhd1 O-O 23. R6d2 Rc4 24. Re2 Rd4 25. Rc1 Qf3 26. Qxf3 exf3 27. Rf2 Rc8 28. Re1 b4 29. Kc1 Rdc4 30. Re3 R8c5 31. Rexf3 Re4 32. a3 a5 33. axb4 axb4 34. Kd2 Ra5 35. Re2 Rc4 36. Rb3 Rd5+ 37. Rd3 Ra5 38. b3 Rc7 39. Rd4 Ra2 40. Kc1 Rb7 41. Ree4 Ra1+ 42. Kb2 1-0

[Event "FIDE WYCC Open U14 2023"]
[Site "Montesilvano"]
[Date "2023.11.14"]
[Round "2.24"]
[White "Ral Lustig, Melvin"]
[Black "Dhruva Thota"]
[Result "1/2-1/2"]
[ECO "B99"]
[WhiteElo "1911"]
[BlackElo "2192"]
[Annotator "ChessBase"]
[PlyCount "81"]
[EventDate "2023.11.13"]
[EventType "swiss"]
[EventCountry "ITA"]
[SourceTitle "playchess.com"]
[Source "ChessBase"]
[SourceQuality "1"]
[TimeControl "40/5400+30:1800+30"]

1. e4 c5 2. Nf3 d6 3. d4 cxd4 4. Nxd4 Nf6 5. Nc3 a6 6. Bg5 e6 7. f4 Be7 8. Qf3 Qc7 9. O-O-O Nbd7 10. g4 h6 11. Bxf6 Bxf6 12. h4 Nb6 13. g5 Bxd4 14. Rxd4 Qc5 15. Rd2 Bd7 16. Be2 Na4 17. Rd3 Rc8 18. Bd1 Nxc3 19. Rxc3 Qa5 20. Ra3 Qd8 21. gxh6 Rxh6 22. h5 Bc6 23. Qe3 d5 24. Rg1 dxe4 25. Rxg7 Qf6 26. Rg8+ Kd7 27. Rxc8 Kxc8 28. Rc3 Qg7 29. Be2 Kc7 30. Qc5 f5 31. Qa5+ Kd7 32. Qc5 e5 33. fxe5 Re6 34. Bc4 Rxe5 35. Qd4+ Ke7 36. b3 Kf8 37. Qd8+ Re8 38. Qd6+ Qe7 39. Qh6+ Qg7 40. Qd6+ Qe7 41. Qh6+ 1/2-1/2